[Event "U18 Burschen rapid"]
[Site "AUT_boys_U18"]
[Date "2020.12.13"]
[Round "1"]
[White "Kreuzturm"]
[Black "Konstantin Peyrer"]
[Result "0-1"]
[WhiteElo "1956"]
[BlackElo "2193"]
[PlyCount "56"]
[EventDate "2020.12.13"]
[EventType "blitz"]
[TimeControl "600+3"]

1. Nf3 Nf6 2. d4 g6 3. g3 Bg7 4. Bg2 O-O 5. O-O d5 6. c4 dxc4 7. Na3 c3 8. bxc3 c5 9. Nc4 Nc6 10. Nce5 Nxe5 11. Nxe5 Nd5 12. Bb2 Nb6 13. Rb1 Qc7 14. Nf3 Bf5 15. Rc1 Rfd8 16. Nh4 Be6 17. a3 Rac8 18. e4 Bc4 19. Re1 Qd7 20. Nf3 Qb5 21. Qd2 e6 22. Red1 Bb3 23. Re1 Nc4 24. Qe2 Qa4 25. Nd2 Nxb2 26. Nxb3 Qxb3 27. Rb1 Qxc3 28. Rxb2 cxd4 {[%emt 0:00:02] Kreuzturm resigns} 0-1